 Dungeon Crawl Stone Soup version 0.27.0-1-g7a089689b8 (webtiles) character file.

Game seed: 15418160362418360893

18 SnakkuSnakku7 the Conjurer (level 2, 0/16 (19) HPs)
             Began as a Vampire Conjurer on Aug 15, 2021.
             Slain by a jackal (2 damage)
             ... on level 1 of the Dungeon.
             The game lasted 00:01:17 (471 turns).

SnakkuSnakku7 the Conjurer (Vampire Conjurer)        Turns: 471, Time: 00:01:18

HP:   0/16 (19)     AC:  2    Str:  6    XL:     2   Next: 51%
MP:   0/5           EV: 12    Int: 20    God:
Gold: 8             SH:  0    Dex: 12    Spells: 4/5 levels left

rFire    . . .     SeeInvis +   d - +0 short sword (drain)
rCold    . . .     Faith    .   (no shield)
rNeg     . . .     Spirit   .   a - +0 robe
rPois    .         Reflect  .   (no helmet)
rElec    .         Harm     .   (no cloak)
rCorr    .         Rampage  .   (no gloves)
Will     .....                  (no boots)
Stlth    ++........             (no amulet)
HPRegen  0.25/turn              (no ring)
MPRegen  0.09/turn              (no ring)

@: healing quickly, heavily drained
A: alive, fangs 3, see invisible, vampiric 1
a: Exsanguinate


You were on level 1 of the Dungeon.
You visited 1 branch of the dungeon, and saw 1 of its levels.

You collected 8 gold pieces.

Inventory:

Hand Weapons
 c - a +0 mace
 d - a +0 short sword of draining (weapon)
Armour
 a - a +0 robe (worn)
Jewellery
 i - a ring of fire
Scrolls
 f - a scroll of fog {unknown}
 g - a scroll of torment {unknown}
 h - a scroll of teleportation {unknown}
Potions
 b - a potion of cancellation {unknown}
 e - a potion of curing {unknown}


   Skills:
 - Level 2.1 Dodging
 - Level 3.0 Stealth
 - Level 2.0 Spellcasting
 + Level 3.5 Conjurations


You had 4 spell levels left.
You knew the following spells:

 Your Spells              Type           Power      Damage    Failure   Level
a - Magic Dart            Conj           64%        1d6       3%          1

Your spell library contained the following spells:

 Spells                   Type           Power      Damage    Failure   Level
 Searing Ray              Conj           32%        3d4       5%          2
 Dazzling Flash           Conj/Hex       18%        N/A       22%         3
 Fulminant Prism          Conj/Hex       4%         3d6       58%         4
 Iskenderun's Mystic Bla  Conj/Tloc      9%         2d4       58%         4


Dungeon Overview and Level Annotations

Branches:
Dungeon (1/15)

Altars:


Innate Abilities, Weirdness & Mutations

Your natural rate of healing is accelerated.
You have razor-sharp teeth.
You have supernaturally acute eyesight. (SInv)
You are afflicted with vampirism.


Message History

The magic dart hits the jackal.
You kill the jackal!
Unknown command.
Aiming: Magic Dart (safe; 3% risk of failure)
Press: ? - help, Q - select action Shift-Dir - straight line, f - jackal
Aim: a jackal (100% to hit)
The magic dart hits the jackal.
The jackal is heavily wounded.
The jackal bites you.
Unknown command.
Aiming: Magic Dart (safe; 3% risk of failure)
Press: ? - help, Q - select action Shift-Dir - straight line, f/p - jackal
Aim: a jackal (heavily wounded, 100% to hit)
The magic dart hits the jackal.
You kill the jackal!
Unknown command.
Aiming: Magic Dart (safe; 3% risk of failure)
Press: ? - help, Q - select action Shift-Dir - straight line, f - jackal
Aim: a jackal (100% to hit)
The magic dart hits the jackal.
The jackal is severely wounded.
The jackal bites you.
* * * LOW HITPOINT WARNING * * *
The jackal bites you.
* * * LOW HITPOINT WARNING * * *
Aiming: Magic Dart (safe; 3% risk of failure)
Press: ? - help, Q - select action Shift-Dir - straight line, f/p - jackal
Aim: a jackal (severely wounded, 100% to hit)
The magic dart hits the jackal but does no damage.
The jackal is severely wounded.
The jackal barely misses you.
A quokka comes into view.
The jackal misses you. The jackal bites you.
* * * LOW HITPOINT WARNING * * *
The quokka closely misses you.
You closely miss the quokka. You bite the quokka.
The quokka is severely wounded.
The jackal bites you.
You die...

.#####.#############.#
.## ..# #.#
#####.##...# #.# #.#
#....#...# .# #.#
#.###.##...# .# #.#
#.# #.# .## .# #.#
#.###.# # .# ###
#.#...# .# ..# #r#.###
#.# #.#####@#.# #.##
#.##.hh.#.#
....######.##.####.#
h.[_.......##†# #.#
h......##...#.##
#.####.## #.##......#
#.......#
#.#....#..###..###.##
#..............#
#.#..(##.†##...#


You could see a quokka and 2 jackals.

Vanquished Creatures
  4 bats (D:1)
  2 endoplasms (D:1)
  2 goblins (D:1)
  A hobgoblin (D:1)
  2 jackals (D:1)
  3 frilled lizards (D:1)
  A kobold (D:1)
  3 rats (D:1)
18 creatures vanquished.

Notes
Turn   | Place    | Note
-------+----------+-------------------------------------------
     0 | D:1      | SnakkuSnakku7 the Vampire Conjurer began the quest for the
                  | Orb.
     0 | D:1      | Reached XP level 1. HP: 13/13 MP: 3/3
   245 | D:1      | Reached XP level 2. HP: 3/15 MP: 3/5
   409 | D:1      | Found a faded altar of an unknown god.
   471 | D:1      | Slain by a jackal

Illustrated notes

Levels and vault maps discovered:
D:1:      beargit_arrival_greenhouse, layout_loops_ring, basic_ecumenical_altar

Skill      XL: |  1 |
---------------+----+-----
Conjurations   | 3 |  3.5
Dodging        | |  2.1
Stealth        | |  3.0
Spellcasting   | |  2.0

Action                   || total
-------------------------++-------
Melee: Mace              ||    15
       Short sword       ||    18
       Bite              ||     1
 Cast: Magic Dart        ||    29
Armor: Robe              ||    16
Dodge: Dodged            ||    35
